 Dungeon Crawl Stone Soup version 0.23.2-1-ga50397a (webtiles) character file.

Game seed: 591374534058581094

5796 Fang the Fighter (level 10, -3/99 HPs)
             Began as a Gargoyle Berserker on Apr 23, 2019.
             Was an Elder of Trog.
             Slain by a killer bee (5 damage)
             ... on level 9 of the Dungeon.
             The game lasted 00:11:34 (7635 turns).

Fang the Fighter (Gargoyle Berserker)               Turns: 7635, Time: 00:11:34

Health: -3/99      AC: 21    Str: 30    XL:     10   Next: 79%
Magic:  10/10      EV: 10    Int:  7    God:    Trog [****..]
Gold:   535        SH:  0    Dex:  9    Spells: 9/9 levels left

rFire    + . .     SeeInvis .   r - +2 war axe (chop)
rCold    + . .     Gourm    +   (no shield)
rNeg     + . .     Faith    .   b - +0 plate armour "Zopharir" {rElec MR++ Regen+ Str-3} (curse)
rPois    ∞         Spirit   .   (no helmet)
rElec    +         Reflect  .   u - scarf {rC+ rF+}
rCorr    +         Harm     .   (no gloves)
MR       ++++.                  (no boots)
Stlth    ..........             A - amulet of the gourmand
HPRegen  1.66/turn              i - ring of resist corrosion
MPRegen  0.12/turn              o - +3 ring of strength

@: berserking, regenerating, very quick
A: negative energy resistance 1, electricity resistance, unbreathing,
petrification resistance, rot immunity, AC +7
a: Berserk, Trog's Hand, Brothers in Arms, Renounce Religion


You were on level 9 of the Dungeon.
You worshipped Trog.
Trog was greatly pleased with you.
You were very full.

You visited 2 branches of the dungeon, and saw 10 of its levels.

You collected 535 gold pieces.

Inventory:

Hand Weapons
 a - a +2 war axe
 r - a +2 war axe of chopping (weapon)
Armour
 b - the cursed +0 plate armour "Zopharir" (worn) {rElec MR++ Regen+ Str-3}
   (You found it on level 4 of the Dungeon)

   It affects your strength (-3).
   It insulates you from electricity.
   It affects your resistance to hostile enchantments.
   It increases your rate of regeneration.
   It has a curse placed upon it.
 f - a +4 plate armour
 m - a scarf of cloud immunity
 u - a scarf of resistance (worn)
Jewellery
 i - a ring of resist corrosion (left hand)
 k - a +5 amulet of reflection
 o - a +3 ring of strength (right hand)
 w - the amulet "Zeurghos" {Faith Dex+4 Slay+5}
   (You took it off a gnoll sergeant on level 6 of the Dungeon)

   [amulet of faith]

   It allows you to gain divine favour quickly.
   It affects your dexterity (+4).
   It affects your accuracy and damage with ranged weapons and melee attacks
   (+5).
 A - an amulet of the gourmand (around neck)
Wands
 e - a wand of acid (6)
 h - a wand of polymorph (4)
 p - a wand of flame (24)
 z - a wand of paralysis (10)
Scrolls
 d - 6 scrolls of remove curse
 v - a scroll of identify
 B - a scroll of teleportation
Potions
 g - 4 potions of might
 j - 5 potions of curing {unknown}
 l - a potion of brilliance
 n - 5 potions of heal wounds
 q - a potion of invisibility
 s - a potion of cancellation {unknown}
 t - 2 potions of mutation {unknown}
 x - a potion of flight {unknown}
Comestibles
 c - 17 rations
 C - 9 chunks of flesh


   Skills:
 + Level 9.3 Fighting
 + Level 7.8 Axes
 + Level 9.0 Armour
 + Level 6.8 Dodging


You had 9 spell levels left.
You didn't know any spells.
Your spell library was empty.

Dungeon Overview and Level Annotations

Branches:
Dungeon (9/15)             Temple (1/1) D:7
   Lair: D:8-11         Orc: D:9-12

Altars:
Fedhas
Trog
Zin
The Shining One

Shops:
D:6 %   D:7 %


Innate Abilities, Weirdness & Mutations

You are resistant to torment.
Your stone body is resilient. (AC +7)
You are immune to poison.
You resist negative energy. (rN+)
You are resistant to electric shocks. (rElec)
You can survive without breathing.
You are immune to petrification.
You are immune to rotting.


Message History

You feel the power of Trog in you as your rage grows.
You kill the killer bee!
Trog accepts your kill.
You slash the killer bee! You miss the killer bee.
The killer bee stings you but does no damage. x3
The killer bee stings you.
* * * LOW HITPOINT WARNING * * *
The killer bee stings you but does no damage.
The killer bee stings you.
* * * LOW HITPOINT WARNING * * *
The killer bee stings you!
* * * LOW HITPOINT WARNING * * *
You slice the killer bee!!
You kill the killer bee!
Trog accepts your kill.
You barely miss the killer bee. You slash the killer bee!
Your plate armour "Zopharir" prevents you from hitting the killer bee.
You closely miss the killer bee. The killer bee barely misses you.
The killer bee stings you.
You die...

#......#.........##########'
#......#....................
###....#####................
#.....>..#................
#........#................
.......#...............#
.......#...............#
.......#...#####.......#
......y@...# .......#
####..yyy..# ########
#y#...### ...... #% #....
...... #% ##.... ...... #.
#..... ...... % #......
...... #.#..... ......
######


You could see 5 killer bees.

Vanquished Creatures
  The ghost of exilicon the Fighter, a novice MiBe of Trog (D:6)
  Joseph (D:9)
  A queen bee (D:9)
  Sigmund (D:4)
  5 yaks (D:9)
  A wyvern (D:9)
  A hungry ghost (D:7)
  3 orc warriors
  A black bear (D:7)
  A phantom (D:8)
  A necrophage (D:7)
  A centaur (D:8)
  6 ogres
  A big kobold (D:7)
  A bullfrog (D:7)
  3 gnoll sergeants (D:6)
  2 scorpions
  12 killer bees
  4 wights (D:7)
  5 crimson imps
  2 centaur zombies
  3 hounds
  2 centaur skeletons
  A jelly (D:8)
  A quasit (D:7)
  A gnoll shaman (D:6)
  2 orc priests
  3 bullfrog skeletons
  6 orc wizards
  An iguana (D:8)
  8 worker ants
  A hound zombie (D:5)
  A hound skeleton (D:4)
  7 gnolls (D:6)
  A worker ant zombie (D:5)
  14 adders
  A howler monkey skeleton (D:6)
  3 shadow imps
  3 oozes
  An adder zombie (D:7)
  2 adder skeletons
  3 worms
  A dart slug (D:4)
  3 leopard geckos
  28 orcs
  6 bats
  6 giant cockroaches
  4 hobgoblins
  8 jackals
  3 quokkas
  2 frilled lizards
  8 goblins
  A kobold (D:1)
  4 quokka skeletons
  8 rats
201 creatures vanquished.

Vanquished Creatures (others)
  An orc (D:6)
  6 plants (D:6)
7 creatures vanquished.

Grand Total: 208 creatures vanquished

Notes
Turn   | Place    | Note
-------+----------+-------------------------------------------
     0 | D:1      | Fang the Gargoyle Berserker began the quest for the Orb.
     0 | D:1      | Reached XP level 1. HP: 14/14 MP: 1/1
   238 | D:1      | Reached XP level 2. HP: 19/19 MP: 2/2
   705 | D:2      | Reached XP level 3. HP: 23/23 MP: 3/3
  1166 | D:2      | Reached XP level 4. HP: 27/29 MP: 4/4
  1196 | D:2      | Reached ** piety under Trog
  2096 | D:3      | Reached XP level 5. HP: 33/33 MP: 5/5
  2102 | D:3      | Found a glowing golden altar of the Shining One.
  2397 | D:4      | Got a faintly glowing plate armour
  2408 | D:4      | Identified the cursed +0 plate armour "Zopharir" {rElec
                  | MR++ Regen+ Str-3} (You found it on level 4 of the Dungeon)
  2416 | D:4      | Noticed an ogre
  2423 | D:4      | Killed an ogre
  2600 | D:4      | Reached XP level 6. HP: 39/39 MP: 6/6
  3189 | D:4      | Noticed Sigmund
  3206 | D:4      | Killed Sigmund
  3206 | D:4      | Reached skill level 5 in Fighting
  3206 | D:4      | Reached XP level 7. HP: 30/44 MP: 7/7
  3660 | D:5      | Entered Level 5 of the Dungeon
  4120 | D:5      | Reached skill level 5 in Armour
  4149 | D:5      | Reached *** piety under Trog
  4445 | D:6      | Reached XP level 8. HP: 49/51 MP: 8/8
  4535 | D:6      | Found a transporter.
  4536 | D:6      | Identified the +1 trident "Uddaxos" {vamp, rF+ rN+ Str+2
                  | Stlth+}
  4624 | D:6      | Found a transporter.
  4837 | D:6      | Reached skill level 5 in Axes
  4992 | D:6      | Identified the amulet "Zeurghos" {Faith Dex+4 Slay+5}
  5068 | D:6      | Found Ciwnumas's Food Shoppe.
  5257 | D:6      | Noticed exilicon's ghost (novice MiBe)
  5292 | D:6      | Killed exilicon's ghost
  5292 | D:6      | Reached XP level 9. HP: 56/56 MP: 9/9
  5550 | D:6      | Reached skill level 5 in Dodging
  5763 | D:7      | Found Dekulos's Food Shop.
  6135 | D:7      | Found a staircase to the Ecumenical Temple.
  6146 | D:7      | Reached **** piety under Trog
  6284 | Temple   | Entered the Ecumenical Temple
  6616 | D:8      | Reached XP level 10. HP: 61/64 MP: 10/10
  7105 | D:9      | Noticed Joseph
  7122 | D:9      | Killed Joseph
  7634 | D:9      | HP: 1/99 [killer bee (8)]
  7635 | D:9      | Slain by a killer bee

Skill      XL: |  1  2  3  4  5  6  7  8  9 10 |
---------------+-------------------------------+-----
Axes           | 3 4 5 6 7 |  7.8
Dodging        | 2 3 4 5 6 |  6.8
Armour         | 3 4 5 6 7 9 |  9.0
Fighting       | 4 5 6 8 9 |  9.3

Action                   |  1- 3 |  4- 6 |  7- 9 | 10-12 || total
-------------------------+-------+-------+-------+-------++-------
Melee: Hand axe          |   117 |    64 |       |       ||   181
       War axe           |       |    67 |   353 |   127 ||   547
Invok: Berserk           |       |     1 |     3 |     2 ||     6
       Trog's Hand       |       |       |     2 |     1 ||     3
  Use: Scroll            |       |    10 |     6 |     5 ||    21
  Eat: Chunk             |     1 |     7 |    21 |     8 ||    37
       Ration            |       |       |     2 |       ||     2
Armor: Animal skin       |     7 |       |       |       ||     7
       Plate armour      |    69 |    86 |   300 |   128 ||   583
Dodge: Dodged            |    54 |    49 |   178 |   113 ||   394
Block: Other             |       |    26 |    91 |       ||   117
